 Dungeon Crawl Stone Soup version 0.30-a0-341-g682706514a (webtiles) character file.

Game seed: 6640775261674795541

2251 ragingrage the Covert (level 9, -2/51 HPs)
             Began as an Octopode Wanderer on Nov 3, 2022.
             Was an Initiate of Gozag.
             Slain by a steam dragon (5 damage)
             ... on level 7 of the Dungeon.
             The game lasted 00:10:26 (6627 turns).

ragingrage the Covert (Octopode Wanderer)           Turns: 6627, Time: 00:10:26

Health: -2/51      AC:  1    Str:  9    XL:     9   Next: 37%
Magic:  10/10      EV: 12    Int: 19    God:    Gozag
Gold:   211        SH:  4    Dex: 13    Spells: 2/10 levels left

rFire   . . .      SeeInvis +    A - +4 dagger (venom)
rCold   + . .      Faith    .    b - +0 buckler
rNeg    . . .      Spirit   .    (helmet restricted)
rPois   .          Reflect  .    (no amulet)
rElec   .          Harm     .    q - ring of willpower
rCorr   .          Rampage  .    j - ring of protection from cold
Will    +....                    D - ring of see invisible
Stlth   +++++.....               (no ring)
HPRegen 0.28/turn                (no ring)
MPRegen 0.12/turn                (no ring)
                                 (no ring)
                                 (no ring)

@: mighty, studying Summonings
A: almost no armour, amphibious, 8 rings, camouflage 1, gelatinous body 1,
(nimble swimmer 1), tentacles
a: Renounce Religion, Potion Petition, Call Merchant, Bribe Branch


You were on level 7 of the Dungeon.
You worshipped Gozag.
Gozag was aware of your devotion.
You visited 2 branches of the dungeon, and saw 8 of its levels.
You also visited: Sewer.

You collected 772 gold pieces.
You spent 518 gold pieces at shops.
You paid 43 gold pieces to Gozag.

Inventory:

Hand Weapons
 A - a +4 dagger of venom (weapon)
Missiles
 i - a throwing net
Armour
 b - a +0 buckler (worn)
Jewellery
 j - a ring of protection from cold (right tentacle)
 q - a ring of willpower (left tentacle)
 C - a ring of fire
 D - a ring of see invisible (on tentacle)
Wands
 l - a wand of flame (11)
 y - a wand of mindburst (4)
 z - a wand of roots (15)
Scrolls
 c - 2 scrolls of vulnerability
 d - 2 scrolls of enchant weapon
 f - 2 scrolls of blinking
 h - 12 scrolls of identify
 k - a scroll of magic mapping
 n - a scroll of poison
 o - 2 scrolls of teleportation {unknown}
 s - a scroll of brand weapon {unknown}
 v - a scroll of amnesia {unknown}
 x - a scroll of immolation {unknown}
 B - a scroll of fog {unknown}
Potions
 a - a potion of cancellation
 e - 2 potions of heal wounds
 g - a potion of might
 m - 2 potions of haste {unknown}
 p - 2 potions of flight {unknown}
 r - a potion of attraction {unknown}
 t - 4 potions of curing
 u - a potion of magic {unknown}
 w - a potion of invisibility


   Skills:
 - Level 3.0 Short Blades
 - Level 1.0 Dodging
 - Level 9.0 Stealth
 - Level 2.0 Shields
 - Level 1.0 Spellcasting
 - Level 5.0 Conjurations
 - Level 6.2 Ice Magic
 + Level 6.6 Air Magic
 - Level 1.0 Invocations


You had 2 spell levels left.
You knew the following spells:

 Your Spells              Type           Power      Damage    Failure   Level
a - Freeze                Ice            96%        1d10      1%          1
b - Ozocubu's Armour      Ice            24%        N/A       5%          3
c - Hailstorm             Conj/Ice       22%        3d7       8%          3
d - Shock                 Conj/Air       92%        1d8       2%          1

Your spell library contained the following spells:

 Spells                   Type           Power      Damage    Failure   Level
 Beastly Appendage        Tmut           0%         N/A       24%         1
 Wereblood                Tmut           0%         N/A       36%         2
 Swiftness                Air            26%        N/A       4%          3
 Airstrike                Air            13%        2d(2-18)  16%         4
 Spider Form              Tmut/Pois      0%         N/A       58%         3
 Tukima's Dance           Hex            0%         N/A       58%         3
 Passage of Golubria      Tloc           0%         N/A       94%         4
 Yara's Violent Unravell  Hex/Tmut       0%         3d3       100%        5


Dungeon Overview and Level Annotations

Branches:
Dungeon (7/15)             Temple (1/1) D:5           Sewer (visited)

Altars:
Ashenzari
Dithmenos
Elyvilon
Fedhas
Gozag
Makhleb
Nemelex Xobeh
Okawaru
Qazlal
Wu Jian
Yredelemnul
Zin

Shops:
D:1 *   D:3 *   D:4 !   D:5 **!(

Annotations:
D:5 1 runed translucent door, Lobster4's ghost, novice OgGl
D:7 exclusion: door


Innate Abilities, Weirdness & Mutations

You cannot wear most types of armour.
You are amphibious.
You can wear up to eight rings at the same time.
Your skin changes colour to match your surroundings (Stealth+).
Your rubbery body absorbs attacks. (AC +1, EV +1)
((You are camouflaged when in or above water. (Stealth+)))
You have tentacles for arms and can constrict up to eight enemies at once.


Message History

You hit the white imp.
You kill the white imp!
You now have 211 gold pieces (gained 4).
There is an open door here.
Found a stone staircase leading up.
You open the door.
Found 5 javelins and 2 potions of degeneration.
There is an open door here.
You open the door.
There is an open door here.
You open the door.
A steam dragon comes into view.
The steam dragon hisses angrily.
You close the door.
You barely miss the steam dragon. The steam dragon barely misses you.
The steam dragon claws you.
You barely miss the steam dragon. You tentacle-slap the steam dragon.
You squeeze the steam dragon.
The steam dragon is moderately wounded.
The steam dragon breathes steam at you. The ball of steam hits you!!
Ouch! That really hurt!
You closely miss the steam dragon.
The steam dragon is moderately wounded.
It was a potion of cancellation.
You feel magically purged. The steam dragon bites you!
* * * LOW HITPOINT WARNING * * *
The steam dragon claws you.
* * * LOW HITPOINT WARNING * * *
You feel much better.
You are engulfed in a cloud of scalding steam.
The steam dragon bites you. The steam dragon claws you.
It was a potion of might.
You feel very mighty all of a sudden. The steam dragon breathes steam at you.
The ball of steam hits you!
* * * LOW HITPOINT WARNING * * *
The steam dragon bites you.
You die...
Your body crumbles into a pile of gold.

..............+)........#.#......
......###.###.#.))...##.#.#......
.......##.# #....)...##...#......
####.#.##.###.............#......
#......<........##.###.#....#.
####.#.........##.#...###.#....#.
......<...#.............#.#..#.##
###.......##........###.#....#...
................@....##.#..#.###.
###.##...####..D§§§#.##.#..#.....
###'##...# #..#.#.#.#..#..###.#.
#....#...# #..#.#.#.#.##...)))#.
'....#...# #..#.#.#.#.##.#.##...
#....##### ##..#.....#....#.####.
#....# #...###...#####..#....
###### #...+...#...#...##....
#...#######...####....


You could see a steam dragon (catching breath).

Vanquished Creatures
  A wyvern (D:7)
  4 water moccasins
  Duvessa (D:6)
  An orc warrior (D:7)
  A sky beast (D:7)
  3 centaurs
  A phantom (D:5)
  3 bullfrogs
  2 scorpions
  A necrophage (D:7)
  Dowan (D:6)
  7 jellies
  A gnoll bouda (D:7)
  An orc priest (D:7)
  3 iguanas
  An orc wizard (D:3)
  5 gnolls (D:7)
  4 adders
  6 river rats
  3 white imps
  A worm (D:4)
  A dart slug (D:5)
  12 orcs
  10 ball pythons
  4 bats
  16 endoplasms
  5 giant cockroaches
  8 goblins
  8 hobgoblins
  7 jackals
  3 quokkas
  10 kobolds
  9 rats
144 creatures vanquished.

Vanquished Creatures (others)
  10 fungi (D:7)
  2 toadstools (D:7)
12 creatures vanquished.

Grand Total: 156 creatures vanquished

Notes
Turn   | Place    | Note
-------+----------+-------------------------------------------
     0 | D:1      | ragingrage the Octopode Wanderer began the quest for the
                  | Orb.
     0 | D:1      | ragingrage set off with the following items: a +0 short
                  | sword, a +0 buckler, a scroll of vulnerability; and the
                  | following spell memorised: Freeze; and the following spells
                  | available to memorise: Ozocubu's Armour, Hailstorm.
     0 | D:1      | Reached XP level 1. HP: 11/11 MP: 2/2
    59 | D:1      | Found Kutzusm's Assorted Antiques.
   205 | D:1      | Reached XP level 2. HP: 15/17 MP: 0/3
   977 | D:2      | Reached XP level 3. HP: 21/21 MP: 2/4
  1414 | D:2      | Learned a level 3 spell: Ozocubu's Armour
  1878 | D:3      | Reached skill level 1 in Stealth
  1933 | D:3      | Reached skill level 2 in Stealth
  1933 | D:3      | Reached XP level 4. HP: 15/27 MP: 0/5
  2005 | D:3      | Found a glowing drain.
  2026 | D:3      | Reached skill level 3 in Stealth
  2036 | D:3      | Reached XP level 5. HP: 30/31 MP: 1/6
  2055 | Sewer    | Entered a sewer
  2196 | Sewer    | Reached skill level 4 in Stealth
  2256 | Sewer    | Found a viscous altar of Jiyva.
  2269 | Sewer    | Reached skill level 5 in Ice Magic
  2269 | Sewer    | Reached XP level 6. HP: 12/36 MP: 1/7
  2377 | Sewer    | Reached skill level 5 in Stealth
  2623 | D:3      | Learned a level 3 spell: Hailstorm
  2692 | D:3      | Found Hamupn's Assorted Antiques.
  2703 | D:3      | Bought a scroll labelled PUDITO GUACA for 23 gold pieces
  2876 | D:3      | Found a basalt altar of Yredelemnul.
  2965 | D:4      | Reached skill level 1 in Conjurations
  3085 | D:4      | Found an opulent altar of Gozag.
  3095 | D:4      | Became a worshipper of Gozag Ym Sagoz the Greedy
  3118 | D:4      | Reached XP level 7. HP: 35/41 MP: 4/8
  3286 | D:4      | Found Teodouggiyne's Distillery.
  3391 | D:4      | Bought a potion of curing for 36 gold pieces
  3603 | D:5      | Entered Level 5 of the Dungeon
  3649 | D:5      | Found Povaoz's Distillery.
  3656 | D:5      | Found a runed translucent door.
  3657 | D:5      | Bought a potion of invisibility for 88 gold pieces
  3711 | D:5      | Found Ostoucido's Weapon Boutique.
  3761 | D:5      | Reached skill level 6 in Stealth
  3918 | D:5      | Reached skill level 7 in Stealth
  3983 | D:5      | Found Qimiunan's Assorted Antiques.
  3991 | D:5      | Bought an encrusted fluorescent wand for 84 gold pieces
  4014 | D:5      | Found Qearic's Assorted Antiques.
  4058 | D:5      | Found an ornate altar of the Wu Jian Council.
  4075 | D:5      | Found a staircase to the Ecumenical Temple.
  4095 | Temple   | Entered the Ecumenical Temple
  4227 | D:5      | Learned a level 1 spell: Shock
  4278 | D:5      | Found a stormy altar of Qazlal.
  4302 | D:5      | Reached XP level 8. HP: 17/46 MP: 0/9
  4445 | D:5      | Noticed Lobster4's ghost (novice OgGl)
  4467 | D:6      | Reached skill level 1 in Air Magic
  4613 | D:6      | Noticed Dowan
  4624 | D:6      | Killed Dowan
  4707 | D:7      | Reached skill level 8 in Stealth
  5003 | D:7      | Noticed a wyvern
  5012 | D:7      | Killed a wyvern
  5013 | D:7      | Reached skill level 9 in Stealth
  5165 | D:7      | Reached skill level 5 in Conjurations
  5165 | D:7      | Reached XP level 9. HP: 51/51 MP: 10/10
  5369 | D:1      | Bought a coral ring for 110 gold pieces
  5369 | D:1      | Bought a scroll labelled HEQ KEHANLAOSCH for 22 gold pieces
  5466 | D:5      | Bought a scratched glass ring for 155 gold pieces
  5594 | D:6      | Reached skill level 5 in Air Magic
  5922 | D:6      | Noticed Duvessa
  5935 | D:6      | Killed Duvessa
  6627 | D:7      | Slain by a steam dragon

Illustrated notes

Levels and vault maps discovered:
D:1:      lightli_arrival_isolated_outpost, layout_basic, serial_shops, shop,
          minmay_misc_feat_tower
D:2:      layout_loops_corners, grunt_ministairs_1
D:3:      layout_basic, marbit_many_paths, portal_sewer_entry_b, serial_shops,
          nicolae_lakefront_shop
D:4:      layout_cave_pools, grunt_gozag_breadcrumbs, serial_shops,
          nicolae_diamond_shop, serial_column_ruins, column_ruins_grid_3,
          column_ruins_grid_3, column_ruins_grid_3, column_ruins_grid_4,
          minmay_manual_mail
D:5:      layout_basic, lemuel_tele_altar, kennysheep_mini, temple_green,
          ebering_ghost_reflecting_pool, serial_shops,
          nicolae_shop_overgrown_old_shop, nicolae_shop_behind_doors,
          nicolae_shop_stone, nicolae_shop_waterfront
D:6:      layout_loops_corners, palyth_temple_overflow_mages,
          lemuel_crystal_altar, roderic_lattice_a, uniq_duvessa
D:7:      layout_basic, kennysheep_minor_cross, minmay_gold_behind_fungi,
          hangedman_abyss_or_decor_stabs
Temple:   hellmonk_temple_micro_hex

Skill      XL: |  1  2  3  4  5  6  7  8  9 |
---------------+----------------------------+-----
Ice Magic      | 3 4 5 6 |  6.2
Stealth        | 2 3 4 5 7 9 |  9.0
Conjurations   | 1 3 5 |  5.0
Air Magic      | 4 6 |  6.6
Short Blades   | |  3.0
Dodging        | |  1.0
Shields        | |  2.0
Spellcasting   | |  1.0
Invocations    | |  1.0

Action                   |  1- 3 |  4- 6 |  7- 9 || total
-------------------------+-------+-------+-------++-------
Melee: Short sword       |    25 |       |       ||    25
       Constrict         |     8 |    15 |    12 ||    35
       Tentacles         |     6 |    16 |    15 ||    37
       Dagger            |    22 |    85 |    77 ||   184
       Punch             |       |       |     2 ||     2
 Cast: Freeze            |    31 |    26 |    23 ||    80
       Ozocubu's Armour  |     1 |       |     4 ||     5
       Shock             |       |       |    23 ||    23
       Hailstorm         |       |       |     2 ||     2
Evoke: Wand              |       |       |    14 ||    14
  Use: Potion            |       |     3 |     3 ||     6
       Scroll            |       |       |     5 ||     5
 Stab: Sleeping          |     6 |    19 |    15 ||    40
Armor: Skin              |    10 |     6 |     8 ||    24
Dodge: Dodged            |    52 |    56 |    45 ||   153
Block: Buckler           |    11 |    10 |    11 ||    32

Table legend: (Time is in decaauts)
 A = Elapsed time spent in this place.
 B = Non-inter-level travel time spent in this place.
 C = Inter-level travel time spent in this place.
 D = Time resting spent in this place.
 E = Time spent auto-exploring this place.
 F = Levels seen in this place.
 G = Mean time per level.
                   A        B        C        D        E       F      G
               +--------+--------+--------+--------+--------+-----+--------+
         Total |   6606 |   6106 |    500 |   1070 |   3838 |   9 |  734.0 |
       Dungeon |   6190 |   5690 |    500 |    951 |   3661 |   7 |  884.3 |
        Temple |      1 |      1 |      0 |      0 |      0 |   1 |    1.0 |
         Sewer |    414 |    414 |      0 |    119 |    177 |   1 |  414.0 |
               +--------+--------+--------+--------+--------+-----+--------+

Top non-repeatable levels by time:
     D:7: 1194 daAuts
     D:2: 1056 daAuts
     D:1: 893 daAuts
     D:5: 880 daAuts
     D:6: 727 daAuts
     D:3: 723 daAuts
     D:4: 714 daAuts
   Sewer: 414 daAuts
  Temple: 1 daAuts
